 Dungeon Crawl Stone Soup version 0.32-a0-686-gc880bc2 (webtiles) character file.

Game seed: 15229421975585275079

102 Toastz the Changeling (level 4, -8/33 HPs)
             Began as a Merfolk Shapeshifter on Mar 12, 2024.
             Was an Initiate of Qazlal.
             Mangled by a gnoll
             ... wielding a +0 whip of electrocution
              (14 damage)
             ... on level 3 of the Dungeon.
             The game lasted 00:04:23 (2503 turns).

Toastz the Changeling (Merfolk Shapeshifter)        Turns: 2503, Time: 00:04:24

Health: -8/33      AC:  5    Str: 16    XL:     4   Next: 78%
Magic:  4/4        EV: 11    Int:  9    God:    Qazlal [......]
Gold:   211        SH:  5    Dex: 13    Spells: 3/3 levels left

rFire   . .          .
                       - Unarmed
rCold   . . .        (no shield)
rNeg    . . .        j - +0 ring mail
rPois   .            (helmet currently unavailable)
rElec   .            (cloak currently unavailable)
rCorr   .            h - melded +0 pair of gloves
SInv    .            (boots currently unavailable)
Will    +....        i - amulet of reflection
Stlth   +            l - ring of willpower
HPRegen 0.25/turn    (no ring)
MPRegen 0.09/turn

%: reflection
@: beast-form
A: beast (slay +2), (nimble swimmer 2), mertail
a: Begin Untransformation, Renounce Religion


You were on level 3 of the Dungeon.
You worshipped Qazlal.
Qazlal was noncommittal.
You were a hulking beast.
You visited 1 branch of the dungeon, and saw 3 of its levels.

You collected 211 gold pieces.

Inventory:

Armour
 e - a +0 leather armour
 h - a +0 pair of gloves (melded)
 j - a +0 ring mail (worn)
Jewellery
 i - an amulet of reflection (around neck)
 l - a ring of willpower (left hand)
 q - an amulet of guardian spirit
Talismans
 c - a beast talisman (active)
 d - a flux talisman
Wands
 m - a wand of acid (14)
Scrolls
 f - 2 scrolls of identify {unknown}
 g - 2 scrolls of enchant weapon {unknown}
 o - a scroll of poison {unknown}
Potions
 a - a potion of attraction {unknown}
 b - a potion of lignification
 k - a potion of resistance {unknown}
 n - a potion of brilliance {unknown}
 p - a potion of berserk rage {unknown}


   Skills:
 + Level 2.3 Fighting
 + Level 3.7 Dodging
 + Level 3.9 Unarmed Combat
 * Level 5.2 Shapeshifting


You had 3 spell levels left.
You didn't know any spells.
Your spell library contained the following spells:

 Spells                   Type           Power      Damage    Failure   Level
 Dazzling Flash           Conj/Hex       0%         N/A       93%         3
 Mephitic Cloud           Conj/Alch/Air  0%         N/A       93%         3
 Curse of Agony           Necr           0%         N/A       100%        5
 Silence                  Hex/Air        0%         N/A       100%        5


Dungeon Overview and Level Annotations

Branches:
Dungeon (3/15)

Altars:
Qazlal


Innate Abilities, Weirdness & Mutations

You are a hulking beast.
Your limbs bulge with bestial killing power. (Slay +2)
((You are very nimble when in or above water. (Stealth+, EV+, Speed+++)))
Your lower body shifts to a powerful aquatic tail in water.


Message History

You hit the giant cockroach.
You kill the giant cockroach!
Qazlal accepts your kill.
You see here a giant cockroach corpse. 3 gnolls come into view.
A gnoll is wielding a +1 halberd of venom.
A gnoll is wielding a +0 whip of electrocution.
The gnoll shouts! x2
Okay, then.
You barely miss the gnoll. You hit the gnoll.
The gnoll is heavily wounded.
The gnoll hits you with a +0 whip of electrocution.
You barely miss the gnoll.
The gnoll is heavily wounded.
The gnoll hits you with a +0 whip of electrocution.
You barely miss the gnoll.
The gnoll is heavily wounded.
The gnoll hits you but does no damage. The gnoll barely misses you.
The gnoll attacks as it pursues you!
The gnoll hits you with a +0 whip of electrocution.
The gnoll attacks as it pursues you! You block the gnoll's attack.
The gnoll attacks as it pursues you! The gnoll barely misses you.
The gnoll attacks as it pursues you! The gnoll barely misses you.
The gnoll attacks as it pursues you! The gnoll closely misses you.
The gnoll attacks as it pursues you! The gnoll hits you but does no damage.
The gnoll attacks as it pursues you!
The gnoll hits you with a +0 whip of electrocution.
You are electrocuted!
* * * LOW HITPOINT WARNING * * *
The gnoll attacks as it pursues you!
The gnoll hits you with a +0 whip of electrocution.
* * * LOW HITPOINT WARNING * * *
The gnoll attacks as it pursues you!
The gnoll hits you with a +0 whip of electrocution.
* * * LOW HITPOINT WARNING * * *
The gnoll attacks as it pursues you!
The gnoll hits you with a +0 whip of electrocution.
* * * LOW HITPOINT WARNING * * *
You are electrocuted!
You die...

#..# ####.##.#.##.....
#..###............#
#.......####)#.##.#
#.......###.g..# #
#.###...##.....##.# #.#
##.>....g.....# #.#
###.#.....#### #.# #.##.g.##
#.# #.###h## #.# #.###.#######
#.######...........#
#.........##.#####.## ##
########....<####...########.
##.#.รท.)....>.......[#
#########......###...########.
#.........#....# ##.## #.
#.#####.#......# #.# #.


You could see 3 gnolls.

Vanquished Creatures
  Robin (D:3)
  3 adders (D:2)
  A dart slug (D:3)
  2 orcs (D:3)
  2 ball pythons (D:1)
  5 bats
  2 endoplasms
  5 giant cockroaches
  11 goblins
  2 hobgoblins
  5 jackals
  7 kobolds
  2 quokkas
  6 rats
54 creatures vanquished.

Notes
Turn   | Place    | Note
-------+----------+-------------------------------------------
     0 | D:1      | Toastz the Merfolk Shapeshifter began the quest for the
                  | Orb.
     0 | D:1      | Reached XP level 1. HP: 15/15 MP: 1/1
   232 | D:1      | Reached XP level 2. HP: 16/21 MP: 2/2
   540 | D:1      | Found a faded altar of an unknown god.
  1077 | D:1      | Reached XP level 3. HP: 26/26 MP: 3/3
  1559 | D:2      | Reached XP level 4. HP: 30/33 MP: 4/4
  2109 | D:2      | Reached skill level 5 in Shapeshifting
  2241 | D:3      | Found a stormy altar of Qazlal.
  2282 | D:3      | Noticed Robin
  2294 | D:3      | Killed Robin
  2315 | D:3      | Became a worshipper of Qazlal Stormbringer
  2503 | D:3      | Mangled by a gnoll

Illustrated notes

Levels and vault maps discovered:
D:1:      saegor_arrival_under_anarchy, layout_basic,
          shapermc_ecumenical_altar_totnotflames
D:2:      layout_basic, minmay_pentomino_o4
D:3:      layout_loops_ring, mainiacjoe_overflow_tiny_flanked, uniq_robin

Skill      XL: |  1  2  3  4 |
---------------+-------------+-----
Dodging        | 3 |  3.7
Fighting       | 2 |  2.3
Shapeshifting  | 5 |  5.2
Unarmed Combat | |  3.9

Action                     |  1- 3 |  4- 6 || total
---------------------------+-------+-------++-------
  Melee: Unarmed           |   109 |    46 ||   155
         Punch             |     1 |       ||     1
   Stab: Sleeping          |     2 |       ||     2
         Distracted        |       |     1 ||     1
 Armour: Leather armour    |    44 |       ||    44
         Animal skin       |     8 |       ||     8
         Ring mail         |    12 |    24 ||    36
  Dodge: Dodged            |    72 |    18 ||    90
  Block: Other             |     9 |     9 ||    18
         Reflection        |     1 |       ||     1
         Form:             |     1 |       ||     1
         Beast             |     1 |       ||     1

Table legend: (Time is in decaauts)
 A = Elapsed time spent in this place.
 B = Non-inter-level travel time spent in this place.
 C = Inter-level travel time spent in this place.
 D = Time resting spent in this place.
 E = Time spent auto-exploring this place.
 F = Levels seen in this place.
 G = Mean time per level.
                   A        B        C        D        E       F      G
               +--------+--------+--------+--------+--------+-----+--------+
         Total |   2491 |   2394 |     97 |    106 |   1822 |   3 |  830.3 |
       Dungeon |   2491 |   2394 |     97 |    106 |   1822 |   3 |  830.3 |
               +--------+--------+--------+--------+--------+-----+--------+

Top non-repeatable levels by time:
     D:1: 1180 daAuts
     D:2: 983 daAuts
     D:3: 327 daAuts
